[Event "1st Serbian League 2022"]
[Site "Vrnjacka Banja"]
[Date "2022.09.28"]
[Round "9.2"]
[White "Ivanisevic, Ivan"]
[Black "Puranik, Abhimanyu"]
[Result "0-1"]
[ECO "A36"]
[WhiteElo "2547"]
[BlackElo "2603"]
[Annotator "TA"]
[PlyCount "82"]
[EventDate "2022.09.20"]
[EventType "team-tourn"]
[EventCountry "SRB"]
[SourceTitle "playchess.com"]
[Source "ChessBase"]
[SourceQuality "1"]
[TimeControl "40/5400+30:1800+30"]

1. c4 c5 2. g3 g6 3. Bg2 Bg7 4. Nc3 Nc6 5. d3 d6 6. Qd2 {[%emt 0:00:31] A36: Symmetrical English vs ...g6: 4 Bg2 Bg7.} Nf6 7. b3 O-O 8. Bb2 {[%emt 0:00:04] The position is equal.} e6 $5 {[%emt 0:01:02][%mdl 4] Exploring less charted territory.} 9. Bxc6 bxc6 10. f4 Qe7 {[%emt 0:05:25] [#]} 11. O-O-O $146 ({Predecessor:} 11. Nf3 e5 12. fxe5 dxe5 13. Qg5 Re8 14. O-O-O h6 15. Qe3 Ng4 16. Qg1 h5 17. Kb1 {1-0 (53) Larsen,B (2625)-Betancort Curbelo,J (2360) Lanzarote 1976}) 11... Nd7 12. h4 h5 13. g4 hxg4 14. h5 $1 f5 (14... e5 $15) 15. e4 {[%emt 0:00:37][%mdl 1024] White has compensation.} Bb7 $2 (15... g5 $1 $11 {and Black has nothing to worry.} 16. h6 (16. fxg5 f4 $11) 16... Bd4) 16. Nge2 (16. hxg6 $18 {Strongly threatening Nge2.} Qe8 17. Rh5) 16... d5 (16... g5 $16) 17. Ng3 (17. hxg6 $18 {is more deadly.} d4 18. Na4) 17... d4 (17... g5 $16 {might work better.}) 18. Na4 g5 19. h6 Bf6 {[%emt 0:00:24] [#] ...gxf4 is the strong threat.} 20. h7+ (20. exf5 $6 gxf4 21. Ne4 exf5 22. Nxf6+ Rxf6 $14) (20. e5 $16 Nxe5 21. fxe5 Bxe5 22. Nh5) 20... Kh8 $11 21. exf5 (21. Nh5 $11 {remains equal.}) 21... gxf4 $17 22. Ne4 Bg7 $36 {[%emt 0:01:34][%mdl 2048] White is under pressure.} ({Don't do} 22... exf5 23. Nxf6 Rxf6 24. Qxf4 $14) 23. fxe6 Qxe6 24. Rdf1 (24. Ba3 $17) 24... f3 ({Better is} 24... g3 $19 {Hoping for ...Qg6.} 25. Rh5 Qe7) 25. Kb1 $2 (25. Ba3 $17) 25... Rae8 {[%emt 0:01:35][%cal Ba8e8,Be8e5,Be5e2][%mdl 32] aiming for ...Qg6.} 26. Qg5 {[%emt 0:03:33] [#] Against Qg6} Bc8 $1 {[%emt 0:02:45] Threatens to win with ...Qe7.} (26... Qf5 27. Qxf5 Rxf5 28. Nd6 $17) 27. Rhg1 Nf6 {[%emt 0:05:20] Really sharp!} 28. Nf2 (28. Naxc5 Nxe4 29. Qxg7+ Kxg7 30. Nxe6+ Bxe6 31. dxe4) 28... Qe5 29. Bc1 Qxg5 ({Not} 29... Nxh7 30. Qxe5 Bxe5 31. Nxg4 $17) 30. Bxg5 Re5 ({Don't go for} 30... Nxh7 $2 31. Bc1 $19) 31. Bf4 Re2 32. Bd6 (32. Nxc5 $142 Bf5 33. Bg3) 32... Rd8 33. Bc7 Rde8 34. Nxc5 Bf5 35. Bg3 Nh5 36. Nce4 (36. Bc7 $142) 36... Bxe4 $19 37. dxe4 d3 38. Nxd3 R8xe4 39. Be1 R4e3 40. Nf2 Rb2+ 41. Kc1 Rxa2 {[%emt 0:30:41] What a bad dream for White.  Weighted Error Value: White=1.01/Black=0.48} (41... Ree2 $142 42. Ne4 Rxe4 43. Bd2 Rxa2 44. Re1 f2 45. Rgf1 Ra1+ 46. Kc2 fxe1=Q 47. Bxe1 Re2+ 48. Kd3 Raxe1 49. Rf7 g3 50. c5 g2 51. Rxg7 Nxg7 52. Kc3 g1=Q 53. Kc4 Rc1+ 54. Kb4 Qxc5+ 55. Ka4 Ra2#) 0-1

[Event "1st Serbian League 2022"]
[Site "Vrnjacka Banja"]
[Date "2022.09.28"]
[Round "9.3"]
[White "Gagunashvili, Merab"]
[Black "Perunovic, Milos"]
[Result "1/2-1/2"]
[ECO "A57"]
[WhiteElo "2552"]
[BlackElo "2542"]
[Annotator "TA"]
[PlyCount "56"]
[EventDate "2022.09.20"]
[EventType "team-tourn"]
[EventCountry "SRB"]
[SourceTitle "playchess.com"]
[Source "ChessBase"]
[SourceQuality "1"]
[TimeControl "40/5400+30:1800+30"]

1. d4 Nf6 2. c4 c5 3. d5 b5 4. cxb5 a6 5. e3 e6 6. Nc3 exd5 7. Nxd5 Bb7 8. Nxf6+ Qxf6 9. Nf3 Be7 10. bxa6 {[%emt 0:03:46] A57: Benko/Volga Gambit.} Bxa6 (10... Nxa6 $5 11. Bd2 Nb4 $14) 11. Bxa6 Qxa6 {[%emt 0:00:29] [#]} 12. Bd2 $146 {[%emt 0:10:18] White is slightly better.} ({Predecessor:} 12. Qe2 Bf6 13. a3 O-O 14. Rb1 Nc6 15. Qxa6 Rxa6 16. Ke2 Rb8 17. Rd1 Rxa3 18. Rxd7 {0-1 (80) Gordievsky,D (2474)-Zvjaginsev,V (2659) Khanty-Mansiysk 2013}) 12... Bf6 13. Rc1 Bxb2 14. Rxc5 {[%emt 0:02:06] [#] aiming for Qc2.} Nc6 15. Rc2 Bf6 16. Qe2 {[%emt 0:03:00] Inhibits Qd3.} O-O 17. h3 Rfb8 18. Qxa6 Rxa6 19. O-O Rb2 20. Rxb2 {[%emt 0:00:14] The position is equal.} Bxb2 21. Bc1 Rxa2 22. Bxb2 Rxb2 $11 {[%emt 0:00:04][%mdl 4096] Endgame KRN-KRN} 23. Rd1 Rb7 24. Ng5 f6 25. Ne4 Rc7 26. Nd6 Kf8 27. Ra1 {[%emt 0:01:09] Threatening Ra8+.} Ra7 {[%emt 0:00:42] Against Ra8+} 28. Rxa7 Nxa7 {[%emt 0:00:07] Weighted Error Value: White=0.03 (flawless) /Black=0.04 (flawless)} 1/2-1/2

[Event "1st Serbian League 2022"]
[Site "Vrnjacka Banja"]
[Date "2022.09.28"]
[Round "9.4"]
[White "Miljkovic, Miroslav D"]
[Black "Pap, Misa"]
[Result "1/2-1/2"]
[ECO "A80"]
[WhiteElo "2456"]
[BlackElo "2381"]
[Annotator "TA"]
[PlyCount "62"]
[EventDate "2022.09.20"]
[EventType "team-tourn"]
[EventCountry "SRB"]
[SourceTitle "playchess.com"]
[Source "ChessBase"]
[SourceQuality "1"]
[TimeControl "40/5400+30:1800+30"]

1. d4 f5 2. Bg5 h6 3. Bd2 Nf6 {[%emt 0:01:02] [#]} 4. g3 $146 ({Predecessor:} 4. e3 d6 5. Be2 g6 6. Nh3 e5 7. Bc3 Qe7 8. dxe5 dxe5 9. Na3 Nc6 10. O-O {0-1 (53) Edouard,R (2649)-Lagarde,M (2655) Europe Echecs INT 2020}) 4... d6 5. c4 g6 6. Nf3 {[%emt 0:01:56] A80: Dutch Defence: Unusual White second moves.} Bg7 7. Nc3 Nc6 8. d5 {[%emt 0:01:44] White is slightly better.} Ne5 9. Nxe5 dxe5 10. Bg2 O-O 11. Qb3 Kh7 12. O-O Rb8 13. Rfd1 a6 14. c5 (14. e4 $16) 14... g5 15. Rac1 b6 16. Be1 Bd7 17. cxb6 Rxb6 18. Qc2 Qe8 19. b3 Rd6 20. Na4 (20. e4 $16) 20... e4 $11 21. Nc5 Bc8 22. Qc4 e3 23. fxe3 Ng4 {[%emt 0:00:16] [#]} 24. Bd2 (24. Qd3 $1 $16) 24... Qh5 25. h3 Ne5 26. Qc2 $36 {[%emt 0:00:27][%mdl 2048] Threatens to win with Bc3. White is more active.} Qxe2 27. Ba5 Qxe3+ 28. Qf2 Qxf2+ 29. Kxf2 h5 (29... c6 $11) 30. Bxc7 $16 Rh6 31. Re1 {[%emt 0:00:51] White is much more active.} Ng6 {[%emt 0:00:13] Weighted Error Value: White=0.16 (very precise) /Black=0.19 (very precise)} 1/2-1/2

[Event "1st Serbian League 2022"]
[Site "Vrnjacka Banja"]
[Date "2022.09.28"]
[Round "9.5"]
[White "Savic, Miodrag R"]
[Black "Kosic, Dragan"]
[Result "1/2-1/2"]
[WhiteElo "2406"]
[BlackElo "2399"]
[Annotator "TA"]
[PlyCount "30"]
[EventDate "2022.09.20"]
[EventType "team-tourn"]
[EventCountry "SRB"]
[SourceTitle "playchess.com"]
[Source "ChessBase"]
[SourceQuality "1"]
[TimeControl "40/5400+30:1800+30"]

1. e4 e6 2. d4 d5 3. e5 c5 4. c3 Nc6 5. Nf3 Bd7 6. Be2 Nge7 7. O-O cxd4 8. cxd4 Nf5 9. Nc3 Rc8 10. a3 {[%emt 0:00:47] [#] An uneventful encounter. C02: French: Advance Variation.} (10. Bg5 $5 Qb6 11. Na4 $11) 10... Be7 $146 ({Predecessor:} 10... a6 11. Rb1 h6 12. Kh1 b5 13. Be3 Na5 14. Bd3 g6 15. Bc1 Nh4 16. Ne1 Nc4 17. Ne2 Nf5 18. Nc2 Na5 {1-0 (37) Rapport,R (2671)-Sandipan,C (2585) Abu Dhabi 2015}) 11. Be3 O-O 12. Bd3 Nxe3 13. fxe3 f5 14. exf6 Bxf6 15. Rc1 Qe7 {½-½ (15) Savic,M (2503)-Kosic,D (2482) Paracin 2019} 1/2-1/2

[Event "1st Serbian League 2022"]
[Site "Vrnjacka Banja"]
[Date "2022.09.28"]
[Round "9.6"]
[White "Laketic, Gojko"]
[Black "Radovanovic, Mihajlo"]
[Result "1/2-1/2"]
[ECO "E92"]
[WhiteElo "2255"]
[BlackElo "2438"]
[Annotator "TA"]
[PlyCount "98"]
[EventDate "2022.09.20"]
[EventType "team-tourn"]
[EventCountry "SRB"]
[SourceTitle "playchess.com"]
[Source "ChessBase"]
[SourceQuality "1"]
[TimeControl "40/5400+30:1800+30"]

1. d4 Nf6 2. c4 g6 3. Nc3 Bg7 4. e4 d6 5. Nf3 O-O 6. Be2 e5 7. d5 a5 8. Bg5 h6 9. Bh4 Na6 10. Nd2 Bd7 11. Rb1 Qe8 12. O-O Nh7 {[%emt 0:01:22] E92: King's Indian: Classical: 6 Be2 e5: 7 dxe5, 7 Be3 and Petrosian System without 7...Nbd7.} 13. b3 h5 14. f3 Bf6 15. Bf2 Qe7 16. a3 h4 17. b4 axb4 18. axb4 Rfb8 19. Qc2 Bg5 20. Rfd1 Nf6 21. b5 Nc5 22. Nb3 b6 23. Ra1 Nxb3 24. Qxb3 Nh5 25. Bf1 f5 26. Ra6 Rf8 27. Rxa8 (27. Rda1 $5 Rac8 28. R1a2 $14) 27... Rxa8 {[%emt 0:00:05] [#]} 28. Qb2 $146 ({Predecessor:} 28. h3 Bf4 29. Ne2 Bg5 30. Nc3 Ng3 31. Bd3 Bf4 32. Ne2 Nxe2+ 33. Bxe2 Qg5 34. Kh1 Kg7 35. Qc3 Ra5 36. Ra1 Bd2 37. Qb2 Be3 38. Bxe3 Qxe3 39. Rxa5 bxa5 40. Qc2 a4 {0-1 (38) Hoeck,R (2064)-Klundt,K (2378) Frankfurt 2008}) 28... Qd8 29. Ra1 Rxa1 30. Qxa1 Bd2 31. exf5 gxf5 32. Nd1 Kf7 33. Qb2 Bf4 34. Qa3 Ng3 35. Bd3 ({Of course not} 35. hxg3 hxg3 36. Bxg3 Bxg3 $17) 35... Qg5 36. Qa7 h3 $2 ({Better is} 36... Qe7 $14) 37. hxg3 Bxg3 38. Bf1 $2 ({Don't take} 38. Qxc7 $6 Bh2+ 39. Kf1 hxg2+ 40. Ke2 Qe7 $14) (38. gxh3 $16 e4 39. Qxc7) 38... hxg2 $11 {[%emt 0:08:23] The position is equal.} 39. Bxg2 {[%emt 0:00:31] [#] Black must now prevent Bxb6.} Bxf2+ 40. Nxf2 Qc1+ 41. Bf1 {[%emt 0:30:52] aiming for Nh3.} Qg5+ 42. Bg2 Qc1+ 43. Bf1 {[%emt 0:00:20] [#] And now Nh3 would win.} Qg5+ 44. Bg2 {[%emt 0:00:00] Hoping for Nh3.} Qc1+ 45. Bf1 Qg5+ 46. Bg2 {[%emt 0:00:00] Strongly threatening Nh3.} Qc1+ 47. Bf1 Qg5+ 48. Bg2 Qc1+ 49. Bf1 {[%emt 0:00:00] Threatens to win with Nh3.} Qg5+ {[%emt 0:00:00] Weighted Error Value: White=0.14 (very precise) /Black=0.14 (very precise)} 1/2-1/2

[Event "1st Serbian League 2022"]
[Site "Vrnjacka Banja"]
[Date "2022.09.28"]
[Round "9.7"]
[White "Tadic, Stefan"]
[Black "Yilmazyerli, Mert"]
[Result "1/2-1/2"]
[ECO "D02"]
[WhiteElo "2318"]
[BlackElo "2533"]
[Annotator "TA"]
[PlyCount "60"]
[EventDate "2022.09.20"]
[EventType "team-tourn"]
[EventCountry "SRB"]
[SourceTitle "playchess.com"]
[Source "ChessBase"]
[SourceQuality "1"]
[TimeControl "40/5400+30:1800+30"]

1. d4 Nf6 2. Nf3 e6 3. Bf4 d5 4. e3 Bd6 5. Nbd2 O-O 6. Ne5 c5 7. c3 {[%emt 0:00:07] D02: 1 d4 d5 2 Nf3 sidelines, including 2...Nf6 3 g3 and 2...Nf6 3 Bf4.} Nc6 {[%emt 0:01:21] 7...Qc7 injects fresh life into this line.} 8. Bd3 Qc7 9. Ndf3 Ne7 10. O-O b6 {[%emt 0:00:51] [#]} 11. Re1 $146 ({Predecessor:} 11. Rc1 Bb7 12. Nd2 Nc6 13. Nxc6 Bxf4 14. exf4 Bxc6 15. Qf3 Rac8 16. Qe3 Bb7 17. Nf3 {½-½ (27) Bluebaum,M (2674)-Huschenbeth,N (2592) Reykjavik 2021}) 11... Bb7 12. Nd2 Ng6 13. Nxg6 hxg6 14. Bxd6 Qxd6 15. Qf3 Rfe8 16. a4 a5 17. Bb5 Re7 18. Rad1 Qc7 19. Qg3 Qxg3 20. hxg3 Rc7 21. dxc5 Rxc5 22. e4 Ba6 23. Nb3 Rcc8 {[%emt 0:00:00] The position is equal.} 24. Bxa6 Rxa6 25. exd5 Nxd5 26. Re4 Raa8 27. f3 b5 28. axb5 {[%emt 0:08:10] [#] Black must now prevent Ra1.} a4 29. Nd4 {[%emt 0:01:36] Strongly threatening Nc6.} a3 30. Rb1 {[%emt 0:00:52] And now Nc6 would win.} axb2 {[%emt 0:00:00] A balanced but interesting game.  Weighted Error Value: White=0.05 (flawless) /Black=0.04 (flawless)} 1/2-1/2

[Event "1st Serbian League 2022"]
[Site "Vrnjacka Banja"]
[Date "2022.09.28"]
[Round "9.9"]
[White "Sarenac, Ivan"]
[Black "Arsovic, Goran"]
[Result "1-0"]
[ECO "B90"]
[WhiteElo "2402"]
[BlackElo "2362"]
[Annotator "TA"]
[PlyCount "154"]
[EventDate "2022.09.20"]
[EventType "team-tourn"]
[EventCountry "SRB"]
[SourceTitle "playchess.com"]
[Source "ChessBase"]
[SourceQuality "1"]
[TimeControl "40/5400+30:1800+30"]

1. e4 c5 2. Nf3 d6 3. d4 cxd4 4. Nxd4 Nf6 5. Nc3 a6 6. Be3 e5 7. Nf3 Be7 8. h3 {[%emt 0:00:15] B90: Sicilian Najdorf: Unusual White 6th moves, 6 Be3 Ng4 and 6 Be3 e5.} Nc6 {[%emt 0:06:08] 8...Be6 gains popularity.} 9. g4 h6 {[%emt 0:00:29] [#]} 10. Rg1 $146 {[%emt 0:03:58] White has an edge.} (10. Nd5 $5 O-O 11. c4 $11 (11. Bb6 Qd7 $11)) ({Predecessor:} 10. Nd5 Nxd5 11. exd5 Qa5+ 12. c3 Nb8 13. Bg2 Qc7 14. Qe2 f5 15. gxf5 Bxf5 16. Nd2 {½-½ (48) Poli,G (2465)-Fajs,B (2449) ICCF email 2010}) 10... Qc7 11. g5 hxg5 12. Nxg5 Nd8 ({Black should try} 12... Be6 $11) 13. Qf3 {[%emt 0:07:46] White is more active.} Be6 14. O-O-O Rc8 15. Nxe6 Nxe6 16. Bd3 Qa5 17. Bd2 Qc5 (17... Rxc3 $11 18. Bxc3 Qxa2) 18. Kb1 $14 g6 19. Nd5 Nxd5 20. exd5 Nd4 21. Qg2 ({Resist} 21. Qg4 Rc7 $14) 21... Nf5 {[%emt 0:16:42] [#]} 22. Bc1 (22. f4 $1 $16) 22... Rh5 23. Qf1 Bh4 24. Rg2 Kf8 25. c3 Re8 26. Qe2 Bf6 27. Rh2 e4 28. Bc2 ({Better is} 28. Bxe4 $11 Rh4 29. f3) 28... Rh4 (28... Qb6 $15) 29. Rhh1 Re5 30. Rhe1 b5 (30... Rxd5 31. Rxd5 Qxd5 32. Bxe4 $16) (30... Rxh3 $5 31. Bxe4 Rh2 $15) 31. Qf1 (31. f4 $5 Rxd5 32. Rxd5 (32. Qxe4 Rxd1 33. Rxd1 Rxh3 $11) 32... Qxd5 33. Bxe4 $11) 31... Rxd5 32. Rxd5 Qxd5 33. Qg2 Qc5 34. Rxe4 Rxe4 35. Bxe4 Qe5 36. Qf3 Nh4 {[%emt 0:01:19] [#]} (36... Bh4 $11 {remains equal.}) 37. Qd3 $1 $16 Bg5 (37... Nf5 $16 {was called for.}) 38. Bxg5 $18 Qxg5 39. Qxd6+ {[%emt 0:00:06][%mdl 4096] Endgame KQB-KQN} Kg8 (39... Kg7 $142) 40. Qd4 ({Don't take} 40. Qxa6 $6 Qg1+ 41. Kc2 Qxf2+ 42. Kb3 Qf1 43. Qa8+ Kh7) (40. a3 $18) 40... Qg1+ 41. Kc2 {[%emt 0:02:02] aiming for Qd8+.} Qf1 42. Qe3 {[%emt 0:07:30] Prevents Qe2+.} (42. a4 $16) 42... Ng2 $14 43. Bxg2 Qxg2 {[%emt 0:00:05] KQ-KQ} 44. b3 Qh1 45. Kb2 {[%emt 0:03:36] Prevents Qa1+.} Qd5 {[%emt 0:00:27] Against c4} 46. h4 (46. Qd4 $14 Qe6 47. Qe3) 46... Qc6 47. Qd4 Qe6 48. Qd8+ Kh7 49. Ka3 Qe2 $1 50. Qf6 Kg8 51. f4 Qf2 52. Qd8+ Kh7 53. Qc7 Kg7 54. Qe5+ Kg8 55. c4 Qd2 56. Qd5 Qxf4 57. Qa8+ Kg7 58. Qxa6 bxc4 59. Qxc4 Qd6+ 60. b4 f5 61. Qc3+ Kh7 62. Kb2 f4 63. b5 Qf8 64. b6 f3 65. b7 f2 66. Qc7+ Qg7+ 67. Qxg7+ Kxg7 68. b8=Q {[%emt 0:03:37] White threatens Qa7+ and mate.} f1=Q $11 {[%emt 0:04:59] KQ-KQ} 69. Qe5+ Kf7 70. Qd5+ Kf8 71. Qe4 Qb5+ 72. Kc3 {[%emt 0:00:00] Qb4+ would kill now.} Kg7 73. Qe7+ Kg8 74. Qd8+ Kh7 75. Qc7+ Kh8 76. Qc4 Qa5+ 77. Kc2 {[%emt 0:00:17] Intending Qc3+ and mate.} (77. Kd3 $5 Qf5+ 78. Ke2 $16) 77... Qa3 $2 {[%emt 0:00:57][%mdl 8192] Weighted Error Value: White=0.19 (very precise) /Black=0.16 (very precise)} (77... Qf5+ $11 78. Kc1 g5) 1-0

[Event "1st Serbian League 2022"]
[Site "Vrnjacka Banja"]
[Date "2022.09.28"]
[Round "9.10"]
[White "Ristic, Nenad"]
[Black "Arsovic, Zoran"]
[Result "1/2-1/2"]
[ECO "B22"]
[WhiteElo "2267"]
[BlackElo "2362"]
[Annotator "TA"]
[PlyCount "41"]
[EventDate "2022.09.20"]
[EventType "team-tourn"]
[EventCountry "SRB"]
[SourceTitle "playchess.com"]
[Source "ChessBase"]
[SourceQuality "1"]
[TimeControl "40/5400+30:1800+30"]

1. e4 c5 2. Nf3 e6 3. c3 d5 4. exd5 Qxd5 5. d4 Nf6 6. Be2 Nc6 7. O-O Be7 8. c4 Qd8 9. dxc5 Qxd1 10. Rxd1 Ne4 {[%emt 0:00:28] has lost popularity (10...Bxc5).} 11. Be3 {[%emt 0:02:57] B22: Sicilian: 2 c3.} Bxc5 12. Nbd2 (12. Nd4 $5 Bd7 13. Nc2 $11) 12... Bxe3 13. Nxe4 {[%emt 0:00:15] The position is equal.} Bf4 14. g3 (14. c5 {seems wilder.} Ke7 15. g3 Bc7 16. Nd6) 14... Bc7 15. Nd6+ Bxd6 16. Rxd6 Ke7 17. c5 f6 {[%emt 0:03:21] [#]} 18. Nd4 $146 ({Predecessor:} 18. Bb5 Rd8 19. Bxc6 bxc6 20. Rad1 Bd7 21. Nd4 e5 22. Nb3 a5 23. a4 Ra7 24. f4 exf4 25. gxf4 {½-½ (35) Ristic,N (2450)-Arsovic,Z (2441) Vrnjacka Banja 2005}) 18... Nxd4 19. Rxd4 Bd7 20. Bf3 Rab8 21. Rad1 {[%emt 0:01:22] Weighted Error Value: White=0.05 (flawless) /Black=0.03 (flawless)} 1/2-1/2

[Event "1st Serbian League 2022"]
[Site "Vrnjacka Banja"]
[Date "2022.09.28"]
[Round "9.11"]
[White "Radusinovic, Lazar"]
[Black "Rajkovic, Dusan"]
[Result "1-0"]
[ECO "A46"]
[WhiteElo "2308"]
[BlackElo "2246"]
[Annotator "TA"]
[PlyCount "67"]
[EventDate "2022.09.20"]
[EventType "team-tourn"]
[EventCountry "SRB"]
[SourceTitle "playchess.com"]
[Source "ChessBase"]
[SourceQuality "1"]
[TimeControl "40/5400+30:1800+30"]

1. d4 Nf6 2. Nf3 e6 3. g3 b5 4. Bg2 Bb7 5. O-O c5 6. Na3 {[%emt 0:00:09][%cal Bb1a3,Ba3c4,Bc4e3][%mdl 32] A46: 1 d4 Nf6 2 Nf3 e6: Torre, London and Colle Systems.} b4 7. Nc4 Bd5 8. Ne3 {[%emt 0:04:31] The position is equal.} Be4 {[%emt 0:00:13] [#]} 9. a3 $146 ({Predecessor:} 9. c4 cxd4 10. Nxd4 Be7 11. b3 O-O 12. Bb2 Bxg2 13. Kxg2 d5 14. cxd5 Nxd5 15. Nxd5 Qxd5+ {1-0 (53) Raptis,N (2240)-He,D (2061) Redmond 2016}) 9... Nc6 ({Black should play} 9... a5 $11) 10. dxc5 (10. axb4 $14 cxb4 11. Ne5) 10... Bxc5 $11 11. axb4 Nxb4 12. Ng5 Bxg2 13. Kxg2 a5 14. c3 Nc6 15. Qc2 d5 16. Qa4 Rc8 17. b4 (17. Ng4 $11) 17... axb4 $17 18. cxb4 Bxb4 19. Bb2 {[%emt 0:02:00] Hoping for Rfc1.} Be7 (19... O-O $5 ) 20. Rfc1 Qd7 21. Ng4 Nxg4 22. Qxg4 {[%emt 0:00:41][%cal Og5f7] aiming for Nxf7!} h5 $1 23. Qf4 f6 $36 {[%emt 0:02:17][%mdl 2048] Black is really pushing.} 24. Nf3 e5 25. Qd2 (25. Bxe5 $1 $15 fxe5 26. Nxe5 Nxe5 27. Rxc8+ Qxc8 28. Qxe5) 25... O-O 26. Nh4 Rfd8 27. e4 (27. Qd3 $17) 27... dxe4 $19 28. Qe2 Qd2 29. Qxh5 {[%emt 0:03:12][%cal Oh5g4] [#]} e3 $1 ({But not} 29... Qxb2 $6 30. Nf5 Bc5 31. Nh6+ gxh6 32. Qg6+ Kh8 33. Qxf6+ Kh7 34. Qf7+ Kh8 35. Qf6+ Kh7 36. Qf7+ Kh8 37. Qf6+ $11) 30. Nf5 {[%emt 0:01:04][%cal Oc1c6] [#] And now Rxc6! would win.} Qxf2+ ({Don't play} 30... Qxb2 $6 31. Qg6 Bf8 32. Nh6+ Kh8 33. Nf7+ Kg8 34. Nh6+ Kh8 35. Nf7+ Kg8 36. Nh6+ $11) ({Black should try} 30... Bf8 $1 $17 31. Qg6 exf2) 31. Kh3 $11 {[%emt 0:00:08][%cal Oc1c6] Rxc6! is the strong threat.} Rd2 32. Qg6 $2 Qxh2+ ({Weaker is} 32... Bf8 33. Nh6+ Kh8 34. Nf7+ Kg8 35. Nh6+ Kh8 36. Nf7+ Kg8 37. Nh6+ $11) 33. Kg4 {[%emt 0:00:05][%csl Gf5][%cal Rg6g7] The board is on fire.} Qh7 (33... Bf8 $19 34. Bc3 Rd7) 34. Nxe7+ {[%emt 0:00:44] Weighted Error Value: White=0.23 (precise) /Black=0.42} 1-0

[Event "1st Serbian League 2022"]
[Site "Vrnjacka Banja"]
[Date "2022.09.28"]
[Round "9.12"]
[White "Rajkovic, Mladen"]
[Black "Todorovic, Goran N"]
[Result "1-0"]
[ECO "B09"]
[WhiteElo "2335"]
[BlackElo "2305"]
[Annotator "TA"]
[PlyCount "61"]
[EventDate "2022.09.20"]
[EventType "team-tourn"]
[EventCountry "SRB"]
[SourceTitle "playchess.com"]
[Source "ChessBase"]
[SourceQuality "1"]
[TimeControl "40/5400+30:1800+30"]

1. e4 d6 2. d4 Nf6 3. Nc3 g6 4. f4 Bg7 5. Nf3 c5 6. dxc5 Qa5 {[%emt 0:00:15] [#] Threatens to win with ...Nxe4.} 7. Qd4 {[%emt 0:00:24] B09: Pirc Defence: Austrian Attack.} (7. cxd6 Nxe4 8. dxe7 (8. Bb5+ Nd7 $15) 8... Nc6 $11) 7... Nc6 8. Bb5 $1 O-O 9. Qa4 {[%emt 0:00:20] White is slightly better.} Qc7 10. Be3 Bd7 11. cxd6 {[%emt 0:00:07] White is more active.} (11. O-O-O $14) 11... exd6 $11 12. O-O-O a6 13. Bxc6 Bxc6 14. Qb4 Rfe8 (14... Nxe4 {feels hotter.} 15. Nxe4 Rae8 16. Nfg5 Bxe4 17. Nxe4 Qc6) 15. Bb6 {[%emt 0:16:51] [#]} (15. Rxd6 $2 Nxe4 16. Nxe4 Bxe4 $19) 15... Qc8 $146 ({Predecessor:} 15... a5 16. Qb3 Qc8 17. Ng5 Rf8 18. Rxd6 h6 19. Nxf7 Rxf7 20. Rhd1 Qf8 21. Rd8 Rxd8 22. Rxd8 {1-0 (37) Howell,D (2597)-Mitchell,M (2195) Hastings 2009}) 16. Nd2 ({Much worse is} 16. Qxd6 Nxe4 17. Nxe4 Bxe4 $17) 16... a5 17. Qxd6 ({Don't do} 17. Bxa5 Bf8 $14) 17... Nd7 {[%emt 0:00:00] [#] Strongly threatening ...Bxc3.} (17... Ra6 $5 18. Qc7 (18. e5 Nd7 $15) 18... Qxc7 19. Bxc7 Ng4 $11) 18. Bf2 Nf6 19. Rhe1 Ng4 ({Black should try} 19... Rd8 20. Qc5 b5) 20. Bg1 Bxc3 (20... Rd8 $16 21. Qc5 b5) 21. bxc3 $18 Rd8 22. Qe7 {[%emt 0:06:31] And now h3 would win.} Re8 $2 (22... Qe6 {keeps fighting.} 23. Qxe6 fxe6) 23. Qh4 Qe6 24. Bd4 Qxa2 25. Qxg4 Ba4 26. Nb3 $1 {[%emt 0:00:58] White is clearly winning.} Bxb3 27. cxb3 Qa1+ 28. Kc2 Qa2+ 29. Kd3 Qxb3 30. Rb1 Qa4 31. Qg5 {[%emt 0:00:24] Weighted Error Value: White=0.08 (flawless) /Black=0.47} 1-0

[Event "1st Serbian League 2022"]
[Site "Vrnjacka Banja"]
[Date "2022.09.28"]
[Round "9.13"]
[White "Demchenko, Anton"]
[Black "Ter-Sahakyan, Samvel"]
[Result "1/2-1/2"]
[ECO "A06"]
[WhiteElo "2645"]
[BlackElo "2630"]
[Annotator "TA"]
[PlyCount "50"]
[EventDate "2022.09.20"]
[EventType "team-tourn"]
[EventCountry "SRB"]
[SourceTitle "playchess.com"]
[Source "ChessBase"]
[SourceQuality "1"]
[TimeControl "40/5400+30:1800+30"]

1. Nf3 d5 2. b3 c5 3. e3 g6 4. Bb2 Nf6 5. c4 Bg7 6. cxd5 {[%emt 0:00:27] A06: Réti Opening: 1 Nf3 d5.} Qxd5 7. Nc3 Qd8 8. d4 {[%emt 0:07:06] White has an edge.} O-O 9. Bc4 (9. dxc5 {feels hotter.} Ne4 10. Qxd8 Rxd8 11. Rc1) 9... cxd4 10. Nxd4 {[%emt 0:00:50] [#]} Bg4 $146 ({Predecessor:} 10... Bd7 11. O-O Nc6 12. Qe2 Qa5 13. a3 a6 14. Rfd1 Rad8 15. b4 Qc7 {½-½ (15) Stremavicius,T (2529)-Ostrovskiy,A (2425) Charlotte 2020}) 11. Qc2 e5 12. Nde2 Nc6 13. O-O Qe7 14. Rad1 Rac8 15. h3 Be6 16. Bxe6 Qxe6 17. Ng3 Rfd8 18. Qe2 Rxd1 19. Rxd1 Rd8 20. Rxd8+ Nxd8 21. Kf1 {[%emt 0:00:24] The position is equal.} Qc6 22. Qb5 Qxb5+ 23. Nxb5 a6 24. Nc7 Nc6 25. Ne2 Bf8 {[%emt 0:02:36] Weighted Error Value: White=0.03 (flawless) /Black=0.03 (flawless)} 1/2-1/2